[ AOE2 MATCH · #494806038 ]
UnrankedJapanese vs Wei
Player's team · WIN
Rival team · LOSS
[ REPLAY ANALYSIS · EXTRACTED FROM THE RECORDED GAME ]
Feudal
9:04
Castle
27:50
Imperial
54:54
| APM avg | 46.2 |
| APM peak | 102 |
| eAPM avg | 25.4 |
| Villagers / military | 229 / 147 |
Focus
⚔️ 32.7% · 🌾 67.3%
Samurai ×85 · Battering Ram ×28 · Petard ×15 · Knight ×9 · Militia ×4 · Monk ×3
Feudal
8:55
Castle
25:52
Imperial
50:05
| APM avg | 66.4 |
| APM peak | 116 |
| eAPM avg | 38.5 |
| Villagers / military | 463 / 66 |
Focus
⚔️ 35.4% · 🌾 64.6%
Unknown (1952) ×31 · Scout Cavalry ×28 · Unknown (1949) ×14 · Spearman ×12 · Petard ×7 · Militia ×4
Match map
Initial resources + every placement click. Lines = walls · curves = elevation contours. ◆ gold · ⬟ stone · ● berries · ✦ relic · ◌ wall gap
Your base· Open — unwalled flank
Sulfuro's base· Open — unwalled flank
Smoothed initial terrain · ◌ = detected wall gap · hover for details
Inputs per minute
— 酒后帝国 - - Sulfuro
Build order — 酒后帝国
First 150 of 551 actions detected
| 0:01 | Create | Villager (Male) |
| 0:01 | Create | Villager (Male) |
| 0:01 | Create | Villager (Male) |
| 0:02 | Build | House |
| 0:05 | Build | House |
| 0:13 | Create | Villager (Male) |
| 0:13 | Create | Villager (Male) |
| 0:14 | Create | Villager (Male) |
| 1:23 | Create | Villager (Male) |
| 2:01 | Create | Villager (Male) |
| 2:01 | Create | Villager (Male) |
| 2:12 | Build | Lumber Camp |
| 2:19 | Create | Villager (Male) |
| 2:19 | Create | Villager (Male) |
| 2:50 | Create | Villager (Male) |
| 2:50 | Create | Villager (Male) |
| 2:51 | Create | Villager (Male) |
| 3:02 | Build | House |
| 3:21 | Create | Villager (Male) |
| 3:22 | Create | Villager (Male) |
| 4:02 | Create | Villager (Male) |
| 4:03 | Create | Villager (Male) |
| 4:03 | Create | Villager (Male) |
| 4:32 | Create | Villager (Male) |
| 4:32 | Create | Villager (Male) |
| 4:32 | Create | Villager (Male) |
| 5:06 | Build | Mining Camp |
| 5:17 | Create | Villager (Male) |
| 5:25 | Build | House |
| 5:38 | Research | Loom |
| 5:38 | Research | Loom |
| 5:43 | Create | Villager (Male) |
| 6:02 | Build | House |
| 6:10 | Research | Loom |
| 6:10 | Research | Loom |
| 6:54 | Research | Feudal Age |
| 6:54 | Research | Feudal Age |
| 7:08 | Build | Mill |
| 7:48 | Build | Palisade Wall |
| 7:50 | Build | Palisade Wall |
| 7:59 | Build | Barracks |
| 8:30 | Create | Militia ×3 |
| 9:02 | Build | House |
| 9:04 | Age | Feudal Age |
| 9:07 | Research | Man-at-Arms (upgrade) |
| 9:07 | Research | Man-at-Arms (upgrade) |
| 9:11 | Build | Watch Tower |
| 9:22 | Create | Villager (Male) |
| 9:22 | Create | Villager (Male) |
| 9:22 | Create | Villager (Male) |
| 9:52 | Create | Villager (Male) |
| 9:52 | Create | Villager (Male) |
| 9:52 | Create | Villager (Male) |
| 9:58 | Build | House |
| 10:09 | Create | Villager (Male) |
| 10:10 | Create | Villager (Male) |
| 11:08 | Build | Farm |
| 11:11 | Build | Farm |
| 11:18 | Build | Palisade Wall |
| 11:19 | Build | Palisade Wall |
| 11:26 | Create | Villager (Male) |
| 11:26 | Create | Villager (Male) |
| 11:26 | Create | Villager (Male) |
| 11:26 | Create | Villager (Male) |
| 11:48 | Build | Palisade Wall |
| 11:48 | Build | Palisade Wall |
| 11:50 | Build | Palisade Wall |
| 11:56 | Create | Villager (Male) |
| 11:56 | Create | Villager (Male) |
| 11:56 | Create | Villager (Male) |
| 12:00 | Build | House |
| 12:01 | Build | House |
| 12:10 | Build | Mining Camp |
| 12:42 | Create | Villager (Male) |
| 12:42 | Create | Villager (Male) |
| 12:42 | Create | Villager (Male) |
| 12:43 | Create | Villager (Male) |
| 12:43 | Create | Villager (Male) |
| 12:49 | Build | House |
| 12:51 | Build | House |
| 12:54 | Create | Villager (Male) |
| 12:54 | Create | Villager (Male) |
| 12:54 | Create | Villager (Male) |
| 12:58 | Build | House |
| 13:33 | Create | Villager (Male) |
| 13:33 | Create | Villager (Male) |
| 13:34 | Create | Villager (Male) |
| 14:06 | Create | Villager (Male) |
| 14:13 | Build | Watch Tower |
| 14:23 | Create | Villager (Male) |
| 14:23 | Create | Villager (Male) |
| 14:23 | Create | Villager (Male) |
| 14:34 | Build | Farm |
| 14:34 | Build | Farm |
| 14:36 | Build | Farm |
| 14:47 | Create | Villager (Male) |
| 14:47 | Create | Villager (Male) |
| 14:47 | Create | Villager (Male) |
| 15:21 | Build | Stone Wall |
| 15:21 | Build | Stone Wall |
| 15:35 | Create | Villager (Male) |
| 15:35 | Create | Villager (Male) |
| 15:36 | Create | Villager (Male) |
| 15:40 | Build | Farm |
| 15:55 | Build | Farm |
| 15:56 | Build | Farm |
| 16:15 | Build | Stone Wall |
| 16:19 | Research | Double-Bit Axe |
| 16:20 | Research | Double-Bit Axe |
| 16:30 | Build | Stone Wall |
| 16:36 | Create | Villager (Male) |
| 16:37 | Create | Villager (Male) |
| 16:37 | Create | Villager (Male) |
| 16:41 | Build | Farm |
| 16:49 | Build | Stone Wall |
| 17:02 | Create | Villager (Male) |
| 17:02 | Create | Villager (Male) |
| 17:03 | Create | Villager (Male) |
| 17:03 | Create | Villager (Male) |
| 17:06 | Build | Farm |
| 17:15 | Build | Stone Wall |
| 17:21 | Create | Villager (Male) |
| 17:22 | Create | Villager (Male) |
| 17:25 | Research | Horse Collar |
| 17:25 | Research | Horse Collar |
| 17:48 | Create | Villager (Male) |
| 17:48 | Create | Villager (Male) |
| 17:48 | Create | Villager (Male) |
| 17:52 | Build | Farm |
| 17:54 | Create | Villager (Male) |
| 17:54 | Create | Villager (Male) |
| 17:57 | Build | House |
| 18:15 | Build | Stone Wall |
| 18:16 | Build | Stone Wall |
| 18:17 | Build | Stone Wall |
| 18:17 | Build | Stone Wall |
| 18:18 | Build | Stone Wall |
| 18:19 | Build | Stone Wall |
| 18:24 | Create | Villager (Male) |
| 18:26 | Build | Lumber Camp |
| 18:27 | Create | Villager (Male) |
| 18:27 | Create | Villager (Male) |
| 18:51 | Create | Villager (Male) |
| 18:51 | Create | Villager (Male) |
| 19:05 | Build | Farm |
| 19:18 | Build | Watch Tower |
| 20:00 | Build | Farm |
| 20:01 | Create | Militia |
| 20:17 | Create | Villager (Male) |
| 20:18 | Create | Villager (Male) |
Build order — Sulfuro
First 150 of 840 actions detected
| 0:00 | Create | Villager (Male) |
| 0:01 | Build | House |
| 0:02 | Build | House |
| 0:02 | Create | Villager (Male) |
| 0:05 | Create | Villager (Male) |
| 0:07 | Create | Villager (Male) |
| 1:25 | Create | Villager (Male) |
| 2:00 | Create | Villager (Male) |
| 2:10 | Create | Villager (Male) |
| 2:16 | Build | Lumber Camp |
| 2:48 | Create | Villager (Male) |
| 3:16 | Create | Villager (Male) |
| 3:16 | Create | Villager (Male) |
| 3:17 | Create | Villager (Male) |
| 3:48 | Create | Villager (Male) |
| 3:48 | Create | Villager (Male) |
| 3:56 | Build | House |
| 4:04 | Create | Villager (Male) |
| 4:04 | Create | Villager (Male) |
| 4:25 | Create | Villager (Male) |
| 4:25 | Create | Villager (Male) |
| 4:57 | Create | Villager (Male) |
| 4:57 | Create | Villager (Male) |
| 5:11 | Create | Villager (Male) |
| 5:11 | Create | Villager (Male) |
| 5:11 | Create | Villager (Male) |
| 5:33 | Build | Barracks |
| 5:40 | Create | Villager (Male) |
| 5:43 | Create | Villager (Male) |
| 5:43 | Create | Villager (Male) |
| 5:58 | Research | Loom |
| 6:03 | Build | House |
| 6:39 | Build | Palisade Wall |
| 6:45 | Research | Feudal Age |
| 6:45 | Research | Feudal Age |
| 6:58 | Create | Militia |
| 7:24 | Build | House |
| 7:29 | Create | Militia |
| 7:30 | Create | Militia |
| 7:42 | Build | Mining Camp |
| 8:02 | Build | House |
| 8:04 | Build | House |
| 8:07 | Create | Militia |
| 8:22 | Build | Palisade Wall |
| 8:35 | Create | Villager (Male) |
| 8:35 | Create | Villager (Male) |
| 8:41 | Build | Palisade Wall |
| 8:41 | Build | Palisade Wall |
| 8:48 | Build | House |
| 8:55 | Age | Feudal Age |
| 9:00 | Research | Man-at-Arms (upgrade) |
| 9:00 | Research | Man-at-Arms (upgrade) |
| 9:11 | Create | Spearman |
| 9:25 | Create | Villager (Male) |
| 9:25 | Create | Villager (Male) |
| 9:42 | Create | Villager (Male) |
| 9:42 | Create | Villager (Male) |
| 9:52 | Build | House |
| 9:54 | Build | Palisade Wall |
| 10:03 | Create | Villager (Male) |
| 10:04 | Create | Villager (Male) |
| 10:13 | Build | Mill |
| 10:15 | Build | House |
| 10:18 | Build | Palisade Wall |
| 10:20 | Build | House |
| 10:21 | Build | Palisade Wall |
| 10:28 | Create | Villager (Male) |
| 10:28 | Create | Villager (Male) |
| 10:47 | Create | Villager (Male) |
| 10:47 | Create | Villager (Male) |
| 10:55 | Create | Villager (Male) |
| 10:55 | Create | Villager (Male) |
| 11:07 | Create | Villager (Male) |
| 11:08 | Create | Villager (Male) |
| 11:16 | Create | Villager (Male) |
| 11:16 | Create | Villager (Male) |
| 11:17 | Create | Villager (Male) |
| 11:41 | Create | Villager (Male) |
| 11:46 | Build | Watch Tower |
| 11:52 | Build | Mining Camp |
| 11:57 | Create | Villager (Male) |
| 11:57 | Create | Villager (Male) |
| 12:08 | Create | Villager (Male) |
| 12:16 | Create | Villager (Male) |
| 12:16 | Create | Villager (Male) |
| 12:16 | Create | Villager (Male) |
| 12:41 | Create | Villager (Male) |
| 12:41 | Create | Villager (Male) |
| 12:54 | Build | Archery Range |
| 13:00 | Create | Villager (Male) |
| 13:19 | Create | Villager (Male) |
| 13:19 | Create | Villager (Male) |
| 13:20 | Build | Farm |
| 13:23 | Build | Farm |
| 13:29 | Create | Villager (Male) |
| 13:29 | Create | Villager (Male) |
| 13:42 | Build | Stone Wall |
| 13:50 | Build | Outpost |
| 13:55 | Create | Villager (Male) |
| 13:55 | Create | Villager (Male) |
| 14:16 | Create | Villager (Male) |
| 14:17 | Create | Villager (Male) |
| 14:28 | Build | House |
| 14:34 | Build | House |
| 14:40 | Build | Lumber Camp |
| 14:48 | Create | Villager (Male) |
| 14:48 | Create | Villager (Male) |
| 14:54 | Build | Palisade Wall |
| 15:04 | Build | Farm |
| 15:05 | Build | Farm |
| 15:09 | Create | Villager (Male) |
| 15:09 | Create | Villager (Male) |
| 15:21 | Create | Villager (Male) |
| 15:22 | Create | Villager (Male) |
| 15:25 | Create | Villager (Male) |
| 15:25 | Create | Villager (Male) |
| 15:26 | Create | Villager (Male) |
| 15:41 | Create | Villager (Male) |
| 15:45 | Create | Villager (Male) |
| 15:46 | Create | Villager (Male) |
| 15:47 | Create | Skirmisher |
| 15:50 | Build | House |
| 15:52 | Build | Palisade Wall |
| 15:55 | Create | Villager (Male) |
| 15:55 | Create | Villager (Male) |
| 16:12 | Create | Villager (Male) |
| 16:13 | Create | Villager (Male) |
| 16:15 | Build | Farm |
| 16:20 | Create | Villager (Male) |
| 16:20 | Create | Villager (Male) |
| 16:24 | Build | Palisade Wall |
| 16:25 | Create | Villager (Male) |
| 16:25 | Create | Villager (Male) |
| 16:26 | Create | Villager (Male) |
| 16:32 | Create | Villager (Male) |
| 16:32 | Create | Villager (Male) |
| 16:39 | Create | Villager (Male) |
| 16:40 | Create | Villager (Male) |
| 16:41 | Create | Villager (Male) |
| 16:43 | Build | House |
| 17:04 | Create | Villager (Male) |
| 17:04 | Create | Villager (Male) |
| 17:10 | Create | Villager (Male) |
| 17:11 | Create | Villager (Male) |
| 17:11 | Build | Farm |
| 17:15 | Create | Villager (Male) |
| 17:15 | Create | Villager (Male) |
| 17:18 | Build | House |
| 17:29 | Build | House |
| 17:34 | Build | Lumber Camp |
Match timeline
| 5:33 | Sulfuro · first_building Barracks |
| 6:39 | Sulfuro · wall_segment Palisade Wall x4 |
| 7:48 | 酒后帝国 · wall_segment Palisade Wall x1 |
| 7:50 | 酒后帝国 · wall_segment Palisade Wall x1 |
| 7:59 | 酒后帝国 · first_building Barracks |
| 8:22 | Sulfuro · wall_segment Palisade Wall x1 |
| 8:41 | Sulfuro · wall_segment Palisade Wall x5 |
| 8:41 | Sulfuro · wall_segment Palisade Wall x1 |
| 8:55 | Sulfuro · age_up feudal |
| 9:04 | 酒后帝国 · age_up feudal |
| 9:54 | Sulfuro · wall_segment Palisade Wall x4 |
| 10:18 | Sulfuro · wall_segment Palisade Wall x1 |
| 10:21 | Sulfuro · wall_segment Palisade Wall x1 |
| 11:18 | 酒后帝国 · wall_segment Palisade Wall x3 |
| 11:19 | 酒后帝国 · wall_segment Palisade Wall x2 |
| 11:48 | 酒后帝国 · wall_segment Palisade Wall x2 |
| 11:48 | 酒后帝国 · wall_segment Palisade Wall x1 |
| 11:50 | 酒后帝国 · wall_segment Palisade Wall x3 |
| 12:54 | Sulfuro · first_building Archery Range |
| 13:42 | Sulfuro · wall_segment Stone Wall x4 |
| 14:54 | Sulfuro · wall_segment Palisade Wall x11 |
| 15:21 | 酒后帝国 · wall_segment Stone Wall x2 |
| 15:21 | 酒后帝国 · wall_segment Stone Wall x1 |
| 15:52 | Sulfuro · wall_segment Palisade Wall x13 |
| 16:15 | 酒后帝国 · wall_segment Stone Wall x3 |
| 16:24 | Sulfuro · wall_segment Palisade Wall x14 |
| 16:30 | 酒后帝国 · wall_segment Stone Wall x5 |
| 16:49 | 酒后帝国 · wall_segment Stone Wall x2 |
| 17:15 | 酒后帝国 · wall_segment Stone Wall x4 |
| 18:15 | 酒后帝国 · wall_segment Stone Wall x2 |
| 18:16 | 酒后帝国 · wall_segment Stone Wall x1 |
| 18:17 | 酒后帝国 · wall_segment Stone Wall x1 |
| 18:17 | 酒后帝国 · wall_segment Stone Wall x1 |
| 18:18 | 酒后帝国 · wall_segment Stone Wall x2 |
| 18:19 | 酒后帝国 · wall_segment Stone Wall x1 |
| 19:06 | Sulfuro · wall_segment Palisade Wall x1 |
| 20:26 | 酒后帝国 · wall_segment Palisade Wall x2 |
| 20:27 | 酒后帝国 · wall_segment Palisade Wall x1 |
| 20:31 | Sulfuro · first_market_sell 100 stone |
| 21:55 | Sulfuro · first_market_buy 100 food |
| 24:40 | 酒后帝国 · first_building Stable |
| 25:52 | Sulfuro · age_up castle |
| 26:05 | Sulfuro · first_building Castle |
| 26:13 | Sulfuro · first_building Siege Workshop |
| 27:50 | 酒后帝国 · age_up castle |
| 28:05 | Sulfuro · first_building Monastery |
| 28:53 | 酒后帝国 · first_building Siege Workshop |
| 29:29 | 酒后帝国 · first_building Monastery |
| 30:44 | Sulfuro · first_building Stable |
| 32:51 | 酒后帝国 · first_market_buy 100 wood |
| 35:29 | Sulfuro · wall_segment Palisade Wall x1 |
| 40:59 | 酒后帝国 · first_building Castle |
| 50:05 | Sulfuro · age_up imperial |
| 54:54 | 酒后帝国 · age_up imperial |
| 55:13 | Sulfuro · resign |
[ AI ANALYSIS · 1 CREDIT ]
What really happened in this match?
Wolo.gg analyzes every decision: build order, eco, micro, common mistakes by bracket. Personalized analysis on WhatsApp or Discord in 30 seconds.
Civ guide
Japanese
Perfil
新竹